 Dungeon Crawl Stone Soup version 0.25.1-2-g60ff931df9 (webtiles) character file.

Game seed: 1033754337985692237

233216 gruber the Fencer (level 18, 0/169 HPs)
             Began as a Minotaur Fighter on Dec 3, 2020.
             Was the Champion of Okawaru.
             Slain by an entropy weaver (3 damage)
             ... while petrified by a lich
             ... on level 3 of the Vaults.
             The game lasted 01:00:50 (35503 turns).

gruber the Fencer (Minotaur Fighter)               Turns: 35503, Time: 01:00:51

Health: 0/169      AC: 28    Str: 31    XL:     18   Next: 84%
Magic:  6/12       EV:  2    Int:  5    God:    Okawaru [******]
Gold:   2316       SH:  0    Dex: 14    Spells: 17/17 levels left

rFire    + + +     SeeInvis .   q - +6 double sword (freeze)
rCold    + + .     Gourm    .   c - +1 kite shield
rNeg     + + +     Faith    .   l - +2 chain mail "Qeucvib" {rPois rF++}
rPois    ∞         Spirit   .   s - +2 hat {MR+}
rElec    +         Reflect  +   x - +2 cloak
rCorr    +         Harm     .   P - +2 pair of gloves "Trusted Companion" {rC++ Regen+ Str-3 Stlth+}
MR       ++...                  u - +2 pair of boots of Okawaru's Displeasure {rCorr Dex+3}
Stlth    +.........             M - amulet of reflection
HPRegen  0.78/turn              W - +6 ring of strength
MPRegen  0.13/turn              S - ring "Burih" {+Blink rElec rF+ MP-9}

@: petrified, heroism, finesse, corroded
A: retaliatory headbutt, horns 2
}: 1/15 runes: gossamer
a: Heroism, Finesse, Renounce Religion, Evoke Blink


You were on level 3 of the Vaults.
You worshipped Okawaru.
Okawaru was exalted by your worship.
You were not hungry.

You visited 7 branches of the dungeon, and saw 32 of its levels.
You also visited: Sewer, Gauntlet and Ice Cave.

You collected 3361 gold pieces.
You spent 1045 gold pieces at shops.

Inventory:

Hand Weapons
 q - a +6 double sword of freezing (weapon)
Missiles
 h - 26 javelins (quivered)
 V - 24 silver javelins
 Z - 4 throwing nets
Armour
 c - a +1 kite shield (worn)
 l - the +2 chain mail "Qeucvib" (worn) {rPois rF++}
   (You bought it in a shop on level 2 of the Orcish Mines)

   It greatly protects you from fire.
   It protects you from poison.
 s - a +2 hat of magic resistance (worn)
 u - the +2 pair of boots of Okawaru's Displeasure (worn) {rCorr Dex+3}
   (Okawaru gifted it to you on level 1 of the Lair of Beasts)

   It affects your dexterity (+3).
   It provides partial protection from all sources of acid and corrosion.
 x - a +2 cloak (worn)
 P - the +2 pair of gloves "Trusted Companion" (worn) {rC++ Regen+ Str-3 Stlth+}
   (Okawaru gifted it to you on level 2 of the Lair of Beasts)

   It affects your strength (-3).
   It greatly protects you from cold.
   It increases your rate of regeneration.
   It makes you more stealthy.
Jewellery
 M - an amulet of reflection (around neck)
 S - the ring "Burih" (right hand) {+Blink rElec rF+ MP-9}
   (You bought it in a shop on level 1 of the Orcish Mines)

   [ring of protection from fire]

   It protects you from fire.
   It insulates you from electricity.
   It affects your magic capacity (-9).
   It lets you blink.
 W - a +6 ring of strength (left hand)
 X - an uncursed ring of see invisible
Wands
 b - a wand of acid (15)
 g - a wand of enslavement (12)
 E - a wand of disintegration (12)
 I - a wand of iceblast (28)
 N - a wand of clouds (3)
 O - a wand of paralysis (11)
 U - a wand of digging (3)
Scrolls
 e - 13 scrolls of remove curse
 m - 7 scrolls of magic mapping
 p - 10 scrolls of teleportation
 v - 7 scrolls of blinking
 y - 6 scrolls of fear
 K - 7 scrolls of fog
Potions
 d - 4 potions of flight
 j - a potion of cancellation
 n - 2 potions of berserk rage
 o - 5 potions of ambrosia
 r - a potion of resistance
 t - 4 potions of stabbing
 A - 7 potions of curing
 B - 2 potions of might
 D - 5 potions of heal wounds
 G - 8 potions of haste
 H - 5 potions of lignification
 L - 5 potions of invisibility
 T - a potion of magic
Miscellaneous
 i - a phial of floods
 Y - a box of beasts
Comestibles
 a - 9 chunks of flesh
 f - 41 rations


   Skills:
 - Level 17.0(22.0) Fighting
 - Level 20.2(25.2) Long Blades
 - Level 7.2(12.2) Throwing
 - Level 18.0(23.0) Armour
 * Level 13.1(18.1) Dodging
 - Level 17.0(22.0) Shields
 - Level 6.2 Invocations


You had 17 spell levels left.
You didn't know any spells.
Your spell library contained the following spells:

 Spells                   Type           Power        Failure   Level  Hunger
 Animate Skeleton         Necr           N/A          77%         1    ##.....
 Corona                   Hex            #......      77%         1    ##.....
 Freeze                   Ice            #...         77%         1    ##.....
 Infusion                 Chrm           #...         77%         1    ##.....
 Pain                     Necr           #...         77%         1    ##.....
 Shock                    Conj/Air       #...         77%         1    ##.....
 Summon Butterflies       Summ           #.......     77%         1    ##.....
 Ensorcelled Hibernation  Hex/Ice        #.....       88%         2    ###....
 Passwall                 Tmut/Erth      #.......     88%         2    ###....
 Shroud of Golubria       Chrm/Tloc      #.....       88%         2    ###....
 Slow                     Hex            #.......     88%         2    ###....
 Song of Slaying          Chrm           #.......     88%         2    ###....
 Swiftness                Chrm/Air       #.......     88%         2    ###....
 Call Canine Familiar     Summ           #.......     98%         3    ####...
 Confusing Touch          Hex            #.......     98%         3    ####...
 Dazzling Flash           Conj/Hex       #.....       98%         3    ####...
 Gell's Gravitas          Tloc           #.........   98%         3    ####...
 Inner Flame              Hex/Fire       #.......     98%         3    ####...
 Ozocubu's Armour         Chrm/Ice       #.......     98%         3    ####...
 Portal Projectile        Hex/Tloc       #.....       98%         3    ####...
 Spectral Weapon          Hex/Chrm       #.......     98%         3    ####...
 Static Discharge         Conj/Air       #.......     98%         3    ####...
 Tukima's Dance           Hex            #.......     98%         3    ####...
 Vampiric Draining        Necr           #.........   98%         3    ####...
 Airstrike                Air            #.........   100%        4    #####..
 Animate Dead             Necr           N/A          100%        4    #####..
 Cause Fear               Hex            #.........   100%        4    #####..
 Hailstorm                Conj/Ice       #.......     100%        4    #####..
 Leda's Liquefaction      Hex/Erth       #.........   100%        4    #####..
 Passage of Golubria      Tloc           N/A          100%        4    #####..
 Summon Ice Beast         Ice/Summ       #.......     100%        4    #####..
 Agony                    Necr           #.......     100%        5    ######.
 Borgnjor's Vile Clutch   Necr/Erth      #.........   100%        5    ######.
 Lee's Rapid Deconstruct  Erth           #.........   100%        5    ######.
 Lightning Bolt           Conj/Air       #.........   100%        5    ######.
 Summon Mana Viper        Hex/Summ       #.......     100%        5    ######.
 Darkness                 Hex            #.........   100%        6    #######
 Dispersal                Tloc           #.........   100%        6    #######
 Freezing Cloud           Conj/Ice/Air   #.........   100%        6    #######
 Invisibility             Hex            #.......     100%        6    #######
 Summon Hydra             Summ           #.........   100%        7    #######
 Controlled Blink         Tloc           N/A          100%        8    #######
 Disjunction              Tloc           #.........   100%        8    #######
 Ignition                 Fire           #.........   100%        8    #######
 Shatter                  Erth           #.........   100%        9    #######
 Tornado                  Air            #.........   100%        9    #######


Dungeon Overview and Level Annotations

Branches:
Dungeon (15/15)            Temple (1/1) D:4            Lair (6/6) D:8
 Shoals (1/4) Lair:3       Spider (4/4) Lair:3        Slime (0/5) Lair:6
    Orc (2/2) D:11            Elf (0/3) Orc:2        Vaults (3/5) D:14
  Crypt (0/3) Vaults:2     Depths (0/5) D:15          Sewer (visited)
  IceCv (visited)         Gauntlet (visited)

Altars:
Ashenzari
Cheibriados
Dithmenos
Elyvilon
Fedhas
Gozag
Hepliaklqana
Kikubaaqudgha
Makhleb
Nemelex Xobeh
Okawaru
Qazlal
Ru
Sif Muna
Trog
Uskayaw
Vehumet
Wu Jian
Xom
Yredelemnul
Zin
The Shining One
Beogh

Shops:
D:10 *   Orc:1 =   Orc:2 [(}=   Vaults:2 *

Annotations:
D:13 32 runed doors
Spider:2 Roxanne


Innate Abilities, Weirdness & Mutations

You reflexively headbutt those who attack you in melee.
You have a pair of horns on your head.


Message History

The entropy weaver hits you.
* * * LOW HITPOINT WARNING * * *
The entropy weaver hits you but does no damage. x2
The entropy weaver hits you.
The entropy weaver hits you but does no damage.
The entropy weaver hits you!
* * * LOW HITPOINT WARNING * * *
The entropy weaver hits you but does no damage.
The entropy weaver hits you.
* * * LOW HITPOINT WARNING * * *
The entropy weaver hits you!
* * * LOW HITPOINT WARNING * * *
The entropy weaver hits you but does no damage.
The entropy weaver hits you.
* * * LOW HITPOINT WARNING * * *
The yaktaur captain shoots a bolt.
The bolt hits you.
* * * LOW HITPOINT WARNING * * *
The entropy weaver hits you but does no damage. x4
The entropy weaver hits you.
You die...

..)##.###.# ..)##.....#
..)##.....#
...###'#################
........................
............^.......)...
........................
........................
...............(@...c.(.
.................a......
.###########'###'#'#'###
. #... .......# #..
.......# #.. ........#
........# .........#


You could see a yaktaur captain and an entropy weaver.

Vanquished Creatures
  Xtahua (Vaults:2)
  Arachne (Spider:2)
  A lich (Vaults:3)
  Rupert (D:13)
  Agnes (Spider:1)
  Kirke (D:14)
  A fire giant (Vaults:1)
  4 emperor scorpions
  A deep elf sorcerer (Vaults:2)
  5 vault wardens
  3 ghost moths
  A ghoul (Vaults:2)
  5 entropy weavers
  3 stone giants
  4 ironheart preservers
  Nessos (Orc:2)
  A minotaur (Gauntlet)
  3 spark wasps
  2 dire elephants
  An ettin (Vaults:2)
  A green death (Gauntlet)
  A crystal guardian (Vaults:2)
  4 ogre magi
  A fire dragon (Vaults:1)
  2 ice dragons
  4 hydras
  2 great orbs of eyes
  3 vault guards
  Harold (Lair:2)
  3 yaktaur captains
  11 centaur warriors
  3 catoblepae
  A death knight (Vaults:2)
  A merfolk avatar (Shoals:1)
  14 two-headed ogres
  Erica (Lair:2)
  A queen ant (Spider:2)
  8 death yaks
  Nergalle (D:10)
  Urug (D:13)
  An orc high priest (Orc:2)
  7 slime creatures
  A soul eater (Gauntlet)
  3 shadow wraiths (Vaults:2)
  5 unseen horrors
  4 skeletal warriors (Vaults:2)
  5 sea snakes (Shoals:1)
  A glowing orange brain (Vaults:1)
  A wizard (Vaults:2)
  3 lindwurms (Lair:6)
  A deep elf archer (Vaults:1)
  Pikel (D:7)
  5 ironbrand convokers
  7 harpies
  2 phantasmal warriors (Vaults:2)
  2 necromancers
  3 deep elf magi
  6 orc knights
  A stone giant zombie (Vaults:3)
  27 ugly things
  26 wolf spiders
  15 orb spiders
  A cyclops (shapeshifter) (Vaults:2)
  A tengu skeleton (Vaults:3)
  22 elephants
  A salamander (D:15)
  4 moths of wrath
  4 orc sorcerers
  7 manticores
  3 fauns (Shoals:1)
  6 cyclopes
  Maurice (D:13)
  2 centaur zombies
  2 merfolk sirens (Shoals:1)
  5 black mambas
  2 water nymphs (Shoals:1)
  A guardian serpent (D:14)
  2 ice statues (IceCv)
  A gargoyle (D:11)
  6 vault sentinels (Vaults:1)
  4 spiny frogs
  9 rime drakes
  A torpor snail (Spider:4)
  9 komodo dragons
  11 demonic crawlers
  2 freezing wraiths (Vaults:2)
  A kobold demonologist (D:14)
  2 efreet (D:14)
  A redback zombie (D:14)
  8 yaktaurs
  6 trolls
  22 jumping spiders
  5 merfolk
  2 wind drakes (Shoals:1)
  8 hornets
  A polar bear (Lair:4)
  3 ettin zombies
  2 snapping turtles (Shoals:1)
  8 blink frogs (Lair:6)
  14 hippogriffs
  9 dream sheep
  5 flying skulls (Gauntlet)
  79 redbacks
  A shadow (Vaults:2)
  A water elemental (Shoals:1)
  6 wraiths
  27 tarantellas
  5 wyverns
  2 basilisks
  74 yaks
  9 steam dragons
  5 hogs (D:14)
  2 chaos spawn (D:10)
  2 hungry ghosts
  An elf skeleton (Vaults:3)
  A yaktaur simulacrum (Vaults:2)
  8 wargs
  A soldier ant (shapeshifter) (D:13)
  11 soldier ants (Spider:2)
  4 acid dragons
  12 water moccasins
  9 porcupines
  A hornet zombie (D:7)
  Purgy (Sewer)
  37 orc warriors
  2 phantoms
  6 sky beasts
  20 ice beasts
  21 ogres
  22 wolves
  38 centaurs
  4 boggarts (Vaults:3)
  An eye of draining (D:14)
  13 crocodiles
  2 big kobolds
  An elf zombie (D:15)
  20 bullfrogs
  A wyvern zombie (D:13)
  2 wyvern skeletons
  A scorpion (D:10)
  17 killer bees
  A troll zombie (D:15)
  29 wights
  6 howler monkeys
  A troll skeleton (D:15)
  A human simulacrum (Vaults:2)
  A bullfrog zombie (D:8)
  6 hounds
  2 crimson imps
  3 human zombies (D:15)
  13 jellies
  12 orc priests
  19 orc wizards
  Jessica (D:2)
  5 centaur skeletons
  3 iguanas
  24 worker ants
  A killer bee zombie (D:7)
  2 hound zombies
  A hound skeleton (D:9)
  5 mummies
  Robin (D:2)
  A howler monkey skeleton (D:8)
  4 gnolls (D:6)
  6 adders
  2 river rats (D:3)
  11 shadow imps
  11 oozes
  2 adder skeletons
  4 adder zombies
  2 worms
  2 dart slugs
  2 leopard geckos
  72 orcs
  A ball python (D:6)
  9 bats
  2 bat zombies (D:3)
  7 giant cockroaches
  3 hobgoblins
  14 jackals
  2 quokkas
  5 frilled lizards
  A giant cockroach zombie (D:3)
  10 goblins
  25 kobolds
  2 rats (D:3)
  3 rat zombies (D:3)
1246 creatures vanquished.

Vanquished Creatures (others)
  A tarantella (Spider:4)
  A redback (Spider:4)
  A human (D:14)
  A crimson imp (D:7)
  3 orcs
  18 fungi
  8 plants
  3 withered plants (Gauntlet)
36 creatures vanquished.

Grand Total: 1282 creatures vanquished

Notes
Turn   | Place    | Note
-------+----------+-------------------------------------------
     0 | D:1      | gruber the Minotaur Fighter began the quest for the Orb.
     0 | D:1      | Reached XP level 1. HP: 19/19 MP: 0/0
    14 | D:1      | You fall into a shaft and drop 1 floor!
    17 | D:2      | Reached skill level 3 in Long Blades
    17 | D:2      | Reached XP level 2. HP: 26/26 MP: 1/1
    93 | D:2      | Noticed Jessica
    96 | D:2      | Killed Jessica
    96 | D:2      | Reached skill level 4 in Long Blades
    96 | D:2      | Reached XP level 3. HP: 31/31 MP: 2/2
   512 | D:1      | Reached skill level 5 in Long Blades
   837 | D:2      | Reached XP level 4. HP: 39/39 MP: 3/3
   856 | D:2      | Found a white marble altar of Elyvilon.
   965 | D:2      | Identified the +0 helmet "Paycliu" {Regen+}
   965 | D:2      | Noticed Robin
  1011 | D:2      | Killed Robin
  1163 | D:2      | Noticed a centaur
  1171 | D:2      | Killed a centaur
  1171 | D:2      | Reached skill level 6 in Long Blades
  1171 | D:2      | Reached XP level 5. HP: 9/45 MP: 4/4
  1681 | D:3      | Found a glowing drain.
  1689 | D:3      | Reached skill level 7 in Long Blades
  1712 | Sewer    | Entered a sewer
  1818 | Sewer    | Noticed Purgy
  1829 | Sewer    | Killed Purgy
  1829 | Sewer    | Reached XP level 6. HP: 36/51 MP: 5/5
  2009 | D:3      | Reached skill level 8 in Long Blades
  2140 | D:3      | Found an ancient bone altar of Kikubaaqudgha.
  3055 | D:4      | Found a staircase to the Ecumenical Temple.
  3067 | D:4      | Reached skill level 5 in Shields
  3072 | Temple   | Entered the Ecumenical Temple
  3214 | Temple   | Became a worshipper of Warmaster Okawaru
  3545 | D:4      | Reached XP level 7. HP: 55/57 MP: 6/6
  3771 | D:5      | Entered Level 5 of the Dungeon
  3870 | D:5      | Found a bloodstained altar of Trog.
  4124 | D:5      | Found a shadowy altar of Dithmenos.
  4615 | D:6      | Found a sacrificial altar of Ru.
  4623 | D:6      | Reached XP level 8. HP: 52/64 MP: 7/7
  4690 | D:6      | Found a hazy altar of Hepliaklqana.
  4730 | D:6      | Reached * piety under Okawaru
  4730 | D:6      | Reached skill level 5 in Dodging
  4886 | D:6      | Found a basalt altar of Yredelemnul.
  5221 | D:7      | Reached ** piety under Okawaru
  5280 | D:7      | Noticed Pikel
  5296 | D:7      | Killed Pikel
  5296 | D:7      | Reached XP level 9. HP: 52/70 MP: 8/8
  5900 | D:7      | Found a stormy altar of Qazlal.
  6079 | D:8      | Reached *** piety under Okawaru
  6180 | D:8      | Found a sacrificial altar of Ru.
  6205 | D:8      | Noticed a two-headed ogre
  6213 | D:8      | Killed a two-headed ogre
  6272 | D:8      | Reached XP level 10. HP: 78/78 MP: 9/9
  6281 | D:8      | Reached **** piety under Okawaru
  6414 | D:8      | Reached skill level 5 in Fighting
  6468 | D:8      | Found a staircase to the Lair.
  6495 | D:8      | Found a snail-covered altar of Cheibriados.
  6626 | D:8      | Noticed a two-headed ogre
  6642 | D:8      | Killed a two-headed ogre
  6747 | D:8      | Paralysed by a hornet for 2 turns
  6908 | D:9      | Found a hide-covered altar of Uskayaw.
  7118 | D:9      | Reached ***** piety under Okawaru
  7236 | D:9      | Reached skill level 9 in Long Blades
  7363 | D:9      | Reached skill level 10 in Long Blades
  7372 | D:9      | Received a gift from Okawaru
  7641 | D:9      | Reached XP level 11. HP: 97/97 MP: 10/10
  7751 | D:10     | Entered Level 10 of the Dungeon
  7762 | D:10     | Reached skill level 11 in Long Blades
  8053 | D:10     | Found a shimmering altar of Xom.
  8056 | D:10     | Found the +7 mace of Variability {chain chaos}
  8114 | D:10     | Found Wetinn Unohe's Assorted Antiques.
  8167 | D:10     | Killed an unseen horror
  8167 | D:10     | Reached skill level 12 in Long Blades
  8418 | D:10     | Noticed Nergalle
  8421 | D:10     | Noticed a spectral orc warlord
  8430 | D:10     | Killed Nergalle
  9329 | D:11     | Reached skill level 10 in Shields
  9411 | D:11     | Found a staircase to the Orcish Mines.
  9425 | D:11     | Noticed a two-headed ogre
  9442 | D:11     | Killed a two-headed ogre
  9442 | D:11     | Reached skill level 10 in Fighting
  9571 | D:11     | Killed an unseen horror
  9593 | D:11     | Received a gift from Okawaru
  9602 | D:11     | Got a crystal demon blade {god gift}
  9603 | D:11     | Identified the +1 demon blade "Fegry" {drain, +Fly rPois
                  | MR- Int+5} (Okawaru gifted it to you on level 11 of the
                  | Dungeon)
  9939 | D:11     | Noticed a brown ugly thing
  9954 | D:11     | Killed a brown ugly thing
  9954 | D:11     | Reached XP level 12. HP: 80/112 MP: 8/11
 10616 | D:12     | Found a shimmering blue altar of Sif Muna.
 11289 | Lair:1   | Entered Level 1 of the Lair of Beasts
 11349 | Lair:1   | Found a gate leading to a gauntlet.
 11364 | Gauntlet | Entered a Gauntlet
 11364 | Gauntlet | Found a transporter.
 11364 | Gauntlet | Found a transporter.
 11364 | Gauntlet | Found a transporter.
 11387 | Gauntlet | Found a transporter.
 11390 | Gauntlet | Found a transporter.
 11398 | Gauntlet | Found a transporter.
 11402 | Gauntlet | Found a transporter.
 11409 | Gauntlet | Found a transporter.
 11419 | Gauntlet | Noticed an ice dragon
 11419 | Gauntlet | a tyrant leech changed into an ice dragon
 11424 | Gauntlet | Noticed a great orb of eyes
 11424 | Gauntlet | an ice dragon changed into a great orb of eyes
 11425 | Gauntlet | Noticed a death yak
 11425 | Gauntlet | a great orb of eyes changed into a death yak
 11427 | Gauntlet | Found a transporter.
 11427 | Gauntlet | Noticed a green death
 11444 | Gauntlet | Found a transporter.
 11447 | Gauntlet | Found a transporter.
 11459 | Gauntlet | Found a transporter.
 11877 | Gauntlet | Killed a green death
 11891 | Gauntlet | Got a pair of fading boots
 11897 | Gauntlet | Identified the +2 pair of boots of the Cockatrice {+Blink
                  | rF- MP-9 Dex+9} (You found it in a Gauntlet)
 11916 | Gauntlet | Noticed a seven-headed hydra
 11943 | Gauntlet | Noticed a storm dragon
 11943 | Gauntlet | a seven-headed hydra changed into a storm dragon
 11945 | Gauntlet | Noticed a minotaur
 11945 | Gauntlet | a storm dragon changed into a minotaur
 11946 | Gauntlet | Noticed an ice dragon
 11946 | Gauntlet | a slime creature changed into an ice dragon
 11948 | Gauntlet | Noticed a seven-headed hydra
 11948 | Gauntlet | an ice dragon changed into a seven-headed hydra
 11949 | Gauntlet | Noticed an alligator
 11949 | Gauntlet | a seven-headed hydra changed into an alligator
 11957 | Gauntlet | an alligator changed into a slime creature
 11979 | Gauntlet | Noticed a minotaur
 11996 | Gauntlet | Killed a minotaur
 12033 | Gauntlet | Got ancient acid dragon scales
 12044 | Gauntlet | Identified the +5 acid dragon scales "Uxymeb" {Harm +Fly
                  | rF- rN+ rCorr} (You found it in a Gauntlet)
 12546 | Lair:1   | Received a gift from Okawaru
 12550 | Lair:1   | Got a pair of shimmering boots {god gift}
 12556 | Lair:1   | Identified the +2 pair of boots of Okawaru's Displeasure
                  | {rCorr Dex+3} (Okawaru gifted it to you on level 1 of the
                  | Lair of Beasts)
 12950 | Lair:1   | Reached skill level 13 in Long Blades
 13360 | Lair:2   | Found a frozen archway.
 13366 | Lair:2   | Reached skill level 14 in Long Blades
 13528 | IceCv    | Entered an ice cave
 13548 | IceCv    | Reached XP level 13. HP: 98/125 MP: 4/12
 13643 | IceCv    | Found a transporter.
 13669 | IceCv    | Found a transporter.
 13873 | Lair:2   | Found the +9 staff of Wucad Mu {channel}
 14015 | Lair:2   | Reached skill level 15 in Long Blades
 14196 | Lair:2   | Received a gift from Okawaru
 14238 | Lair:2   | Got a pair of distressingly furry gloves {god gift}
 14249 | Lair:2   | Identified the +2 pair of gloves "Trusted Companion" {rC++
                  | Regen+ Str-3 Stlth+} (Okawaru gifted it to you on level 2
                  | of the Lair of Beasts)
 14527 | Lair:2   | Noticed Erica
 14528 | Lair:2   | Killed Erica
 14528 | Lair:2   | Reached skill level 16 in Long Blades
 14540 | Lair:2   | Noticed Harold
 14550 | Lair:2   | Killed Harold
 14959 | Lair:3   | Found a hole to the Spider Nest.
 15069 | Lair:3   | Found a staircase to the Shoals.
 15199 | Lair:3   | Reached skill level 1 in Throwing
 15313 | Lair:3   | You fall into a shaft and drop 2 floors!
 15419 | Lair:4   | You fall into a shaft and drop 2 floors!
 15419 | Lair:6   | Entered Level 6 of the Lair of Beasts
 15510 | Lair:3   | Reached skill level 5 in Throwing
 16110 | Lair:4   | Received a gift from Okawaru
 16166 | Lair:4   | Reached ****** piety under Okawaru
 16166 | Lair:4   | Reached XP level 14. HP: 122/133 MP: 13/13
 16555 | Lair:4   | Received a gift from Okawaru
 16578 | Lair:4   | Got an encrusted falchion {god gift}
 16580 | Lair:4   | Identified the +1 falchion "Acwockaa" {drain, Fragile rN+
                  | Int+4} (Okawaru gifted it to you on level 4 of the Lair of
                  | Beasts)
 16662 | Lair:4   | Reached skill level 17 in Long Blades
 17784 | Lair:6   | Reached skill level 18 in Long Blades
 17795 | Lair:6   | Received a gift from Okawaru
 17846 | Lair:6   | Found a staircase to the Slime Pits.
 18120 | Lair:6   | Reached skill level 19 in Long Blades
 18532 | Lair:6   | Received a gift from Okawaru
 18721 | Lair:6   | Reached skill level 20 in Long Blades
 18803 | Lair:6   | Identified Joaget's Compendium of Frigorific Clay
 19199 | Orc:1    | Entered Level 1 of the Orcish Mines
 19469 | Orc:1    | Reached XP level 15. HP: 139/139 MP: 14/14
 19499 | Orc:1    | Found Xoshen's Jewellery Boutique.
 19508 | Orc:1    | Bought the ring "Burih" {+Blink rElec rF+ MP-9} for 379
                  | gold pieces
 19615 | Orc:1    | Paralysed by an orc sorcerer for 5 turns
 20076 | Orc:2    | Entered Level 2 of the Orcish Mines
 20194 | Orc:2    | Received a gift from Okawaru
 20301 | Orc:2    | Found Beovodun's Gadget Emporium.
 20301 | Orc:2    | Found Vobbeg's Antique Weapon Boutique.
 20304 | Orc:2    | Found Caosm's Jewellery Shoppe.
 20306 | Orc:2    | Found Tiefoj's Antique Armour Shop.
 20318 | Orc:2    | Bought a slimy chain mail for 247 gold pieces
 20318 | Orc:2    | Bought a glowing cloak for 195 gold pieces
 20475 | Orc:2    | Found a staircase to the Elven Halls.
 20512 | Orc:2    | Found a runed translucent door.
 20542 | Orc:2    | Noticed Nessos
 20556 | Orc:2    | Killed Nessos
 21029 | Orc:2    | Found a roughly hewn altar of Beogh.
 21305 | Spider:1 | Entered Level 1 of the Spider Nest
 21565 | Spider:1 | Received a gift from Okawaru
 21579 | Spider:1 | Identified the +2 chain mail "Qeucvib" {rPois rF++} (You
                  | bought it in a shop on level 2 of the Orcish Mines)
 21583 | Spider:1 | Got a distressingly furry buckler {god gift}
 21603 | Spider:1 | Identified the +0 buckler "Kirch" {rPois Str+3 Stlth-}
                  | (Okawaru gifted it to you on level 1 of the Spider Nest)
 22615 | Spider:2 | Noticed Agnes
 22640 | Spider:1 | Killed Agnes
 22797 | Spider:2 | Reached skill level 15 in Armour
 23256 | Spider:2 | Noticed Arachne
 23281 | Spider:2 | Killed Arachne
 23524 | Spider:2 | Identified Roxanne's Catalogue of Transformation
 23524 | Spider:2 | Noticed Roxanne
 23560 | Spider:2 | Reached XP level 16. HP: 76/147 MP: 6/15
 23622 | Spider:2 | Received a gift from Okawaru
 24376 | Spider:3 | Received a gift from Okawaru
 25164 | Spider:4 | Entered Level 4 of the Spider Nest
 25865 | Shoals:1 | Entered Level 1 of the Shoals
 26287 | Shoals:1 | Reached skill level 1 in Invocations
 26765 | Shoals:1 | Reached skill level 5 in Invocations
 26801 | Shoals:1 | HP: 6/147 [drowned by a drowned soul[a merfolk avatar]
                  | (15)]
 27578 | Spider:4 | Received a gift from Okawaru
 27683 | Spider:3 | HP: 7/147 [poisoned by an emperor scorpion]
 27688 | Spider:3 | HP: 6/147 [poisoned by an emperor scorpion]
 27694 | Spider:3 | HP: 6/147 [poisoned by an emperor scorpion]
 27699 | Spider:3 | HP: 7/147 [poisoned by an emperor scorpion]
 28296 | Spider:4 | Reached XP level 17. HP: 139/154 MP: 11/20
 28822 | Spider:4 | Got a gossamer rune of Zot
 29311 | D:13     | Noticed Maurice
 29325 | D:13     | Killed Maurice
 29395 | D:13     | Noticed Urug
 29408 | D:13     | Killed Urug
 29461 | D:13     | Found a huge runed gate.
 29461 | D:13     | Found a huge runed gate.
 29461 | D:13     | Found a huge runed gate.
 29461 | D:13     | Found a huge runed gate.
 29461 | D:13     | Found a huge runed gate.
 29461 | D:13     | Found a huge runed gate.
 29471 | D:13     | Found a huge runed gate.
 29471 | D:13     | Found a huge runed gate.
 29471 | D:13     | Found a huge runed gate.
 29501 | D:13     | Found a huge runed gate.
 29509 | D:13     | Noticed Rupert
 29523 | D:13     | Killed Rupert
 29665 | D:13     | Found a huge runed gate.
 29665 | D:13     | Found a huge runed gate.
 29665 | D:13     | Found a huge runed gate.
 29665 | D:13     | Found a huge runed gate.
 29665 | D:13     | Found a huge runed gate.
 29666 | D:13     | Found a huge runed gate.
 29666 | D:13     | Found a huge runed gate.
 29667 | D:13     | Found a huge runed gate.
 29679 | D:13     | Found a huge runed gate.
 29679 | D:13     | Found a huge runed gate.
 29960 | D:13     | Found a huge runed gate.
 29960 | D:13     | Found a huge runed gate.
 29960 | D:13     | Found a huge runed gate.
 29961 | D:13     | Found a huge runed gate.
 29961 | D:13     | Found a huge runed gate.
 29962 | D:13     | Found a huge runed gate.
 29968 | D:13     | Found a huge runed gate.
 29968 | D:13     | Found a huge runed gate.
 29968 | D:13     | Found a huge runed gate.
 29968 | D:13     | Found a huge runed gate.
 29968 | D:13     | Found a huge runed gate.
 29968 | D:13     | Found a huge runed gate.
 29987 | D:14     | Noticed Kirke
 30018 | D:14     | Killed Kirke
 30027 | D:14     | Reached skill level 15 in Shields
 30138 | D:14     | Found a gate to the Vaults.
 30864 | D:14     | Got a faintly humming plate armour
 30865 | D:14     | Identified the +1 plate armour of Wu Jian's Regard {Dex+3}
                  | (You found it on level 14 of the Dungeon)
 30971 | D:15     | Entered Level 15 of the Dungeon
 31029 | D:15     | Received a gift from Okawaru
 31292 | D:15     | Found a staircase to the Depths.
 31503 | D:15     | Found a basalt altar of Yredelemnul.
 31981 | Vaults:1 | Entered Level 1 of the Vaults
 32304 | Vaults:1 | Received a gift from Okawaru
 32429 | Vaults:1 | Reached skill level 15 in Fighting
 32455 | Vaults:1 | Received a gift from Okawaru
 32460 | Vaults:1 | Paralysed by a great orb of eyes for 6 turns
 32877 | Vaults:1 | Received a gift from Okawaru
 33077 | Vaults:2 | Reached XP level 18. HP: 150/166 MP: 12/21
 33708 | Vaults:2 | Noticed Xtahua
 33724 | Vaults:2 | Paralysed by an ogre mage for 2 turns
 33728 | Vaults:2 | Killed Xtahua
 33731 | Vaults:2 | Received a gift from Okawaru
 33954 | Vaults:2 | Reached skill level 10 in Dodging
 33976 | Vaults:2 | Found Hilamuno's Assorted Antiques.
 34056 | Vaults:2 | Bought a flickering pewter ring for 160 gold pieces
 34056 | Vaults:2 | Bought a scroll of identify for 64 gold pieces
 34056 | Vaults:2 | Identified the ring of Wishful Thinking {*Tele rElec} (You
                  | bought it in a shop on level 2 of the Vaults)
 34168 | Vaults:2 | Received a gift from Okawaru
 34452 | Vaults:2 | Received a gift from Okawaru
 34497 | Vaults:2 | Received a gift from Okawaru
 34673 | Vaults:2 | Found a staircase to the Crypt.
 35392 | Vaults:3 | Received a gift from Okawaru
 35485 | Vaults:3 | Noticed a lich
 35498 | Vaults:3 | Killed a lich
 35502 | Vaults:3 | HP: 8/169 [entropy weaver (3)]
 35502 | Vaults:3 | HP: 2/169 [yaktaur captain/bolt (3)]
 35503 | Vaults:3 | Slain by an entropy weaver

Illustrated notes

Levels and vault maps discovered:
D:1:      shiori_shiawase, layout_loops_ring
D:2:      layout_rooms, elyvilon_altar_1, uniq_robin, uniq_jessica
D:3:      layout_loops_corners, lemuel_zombie_altar_kikubaaqudgha,
          portal_sewer_entry_a
D:4:      layout_basic, temple_fountains, first_ration,
          kennysheep_generic_room_11
D:5:      layout_loops_cross, old_standard_altar, nicolae_dithmenos_the_darkroom
D:6:      layout_rooms, marbit_many_paths, nicolae_ru_sacrificial_ziggurat,
          lemuel_doored_altar
D:7:      layout_loops_corners, nicolae_qazlal_general_emergency, uniq_pikel
D:8:      layout_rooms, slow_altar_1, erik_lair_orcish_takeover, basic_altar,
          kennysheep_generic_room_9
D:9:      layout_rooms, nicolae_overflow_crystal_walls,
          hangedman_little_slice_of_home
D:10:     layout_basic, serial_shops, kennysheep_mini,
          minmay_guarded_unrand_variability, uniq_nergalle
D:11:     layout_cave_pods, david_orc_3
D:12:     layout_cave_pools, led_sif_book
D:13:     layout_roguey, not_door_vault_due, uniq_urug, uniq_rupert,
          uniq_maurice
D:14:     layout_stronghold, david_vaults_2, chequers_serial_rivers_small_3,
          grunt_decor_cap, fake_guardian_serpent_vault, uniq_kirke
D:15:     hangedman_depths_entry_try_elsewhere_first, layout_basic,
          lemuel_mausoleum_altar_yredelemnul
Temple:   minmay_temple_bridge_abc
Lair:1:   layout_roguey, gauntlet_entry_generic, st_stairs_11,
          beast_lair_carwin_11
Lair:2:   layout_regular_city, portal_ice_cave_entry_ice_beasts,
          bobbens_dragon_lair_wall, grunt_megastairs_1, serial_bayou_shore_b,
          uniq_erica, uniq_harold
Lair:3:   layout_cave_pods, minmay_shoals_entry_centaurs,
          spider_nest_entry_webs, st_stairs_9
Lair:4:   layout_long_grid, beast_lair_carwin_4
Lair:5:   layout_regular_city, grunt_megastairs_5
Lair:6:   hangedman_lair_in_review, layout_loops_ring,
          nicolae_slime_entry_slimehenge
Shoals:1: layout_shoals
Spider:1: layout_spider_delve
Spider:2: layout_spider_delve, minmay_another_anthill, uniq_roxanne,
          uniq_arachne, uniq_agnes
Spider:3: layout_spider_delve, hangedman_spider_tarantella_strand,
          nicolae_spider_cling_ruins
Spider:4: grunt_spider_rune_parallel
Orc:1:    layout_caves, serial_shops, shop
Orc:2:    st_orc_rangers, layout_diamond_mine, lightli_church_of_beogh,
          uniq_nessos
Vaults:1: vaults_mumra_minichess_inversion, ontoclasm_vaults_loading_screen,
          st_spiral_rooms, hangedman_vaults_nails, v_misc_24, v_misc_12,
          grunt_vaults_funnel, v_misc_8, vaults_room_corners,
          nicolae_vaults_specimen_jars, nicolae_vaults_triangles,
          ontoclasm_vaults_gateway, vaults_room_hallway, layout_vaults_omnibox
Vaults:2: hangedman_vaults_slither, vaults_room_fancy_cross, v_misc_30,
          nicolae_vaults_border_crossing, v_misc_33,
          minmay_crypt_entry_simple_statues, ontoclasm_vaults_gallery,
          hangedman_vaults_slice, ontoclasm_vaults_claustrophobia, v_misc_10,
          vaults_dpeg_ring, layout_vaults_big_room, serial_shops, shop,
          uniq_xtahua
Vaults:3: nicolae_vaults_little_squares_2, nicolae_vaults_shelves_hall,
          v_misc_19, v_misc_4, v_misc_14, vaults_mumra_hexcomb,
          vaults_dpeg_encased_lava, layout_vaults_omnigrid

Skill      XL: |  1  2  3  4  5  6  7  8  9 10 11 12 13 14 15 16 17 18 |
---------------+-------------------------------------------------------+-----
Long Blades    | 3 4 5 6 7 8 10 12 14 16 20 | 20.2
Shields        | 5 7 10 13 17 | 17.0
Dodging        | 4 8 13 | 13.1
Armour         | 6 11 16 18 | 18.0
Fighting       | 9 11 14 16 17 | 17.0
Throwing       | 7 |  7.2
Invocations    | 6 |  6.2

Action                   |  1- 3 |  4- 6 |  7- 9 | 10-12 | 13-15 | 16-18 || total
-------------------------+-------+-------+-------+-------+-------+-------++-------
Melee: Long sword        |    52 |   134 |       |       |       |       ||   186
       Headbutt          |     8 |    32 |    81 |   210 |   439 |   565 ||  1335
       Unarmed           |       |    11 |       |       |       |       ||    11
       Falchion          |       |    46 |   256 |   224 |       |       ||   526
       Scimitar          |       |       |       |   513 |  1140 |  1657 ||  3310
       Demon blade       |       |       |       |     9 |       |       ||     9
       Dagger            |       |       |       |       |    17 |       ||    17
       Double sword      |       |       |       |       |       |    94 ||    94
Throw: Dart              |       |     1 |       |     2 |       |       ||     3
       Javelin           |       |       |       |       |     7 |    15 ||    22
Invok: Heroism           |       |       |       |    10 |    20 |    16 ||    46
       Finesse           |       |       |       |     3 |     2 |     5 ||    10
Evoke: Wand              |       |       |       |       |     2 |     3 ||     5
       Phial of floods   |       |       |       |       |       |     1 ||     1
  Use: Potion            |       |     1 |       |       |       |     5 ||     6
       Scroll            |       |       |       |    21 |     6 |    20 ||    47
 Stab: Petrified         |       |       |       |       |     1 |     1 ||     2
       Held in net/web   |       |       |       |       |       |     4 ||     4
       Confused          |       |       |       |       |       |     2 ||     2
       Petrifying        |       |       |       |       |       |     1 ||     1
  Eat: Chunk             |       |     7 |    11 |    19 |    27 |    37 ||   101
       Ration            |       |       |       |     1 |     2 |     1 ||     4
Armor: Scale mail        |    23 |    34 |       |       |       |       ||    57
       Skin              |       |     2 |       |       |       |       ||     2
       Troll leather arm |       |    21 |    56 |    28 |       |       ||   105
       Chain mail        |       |       |       |   153 |   421 |   618 ||  1192
       Quicksilver drago |       |       |       |       |       |    57 ||    57
Dodge: Dodged            |    18 |    70 |   105 |   189 |   458 |   560 ||  1400
Block: Kite shield       |    26 |    89 |   142 |   491 |   984 |  1577 ||  3309
       Reflection        |       |       |       |    10 |    87 |    71 ||   168
       Rpst.: Long sword |     3 |     9 |       |       |       |       ||    12
       Falchion          |       |     2 |    34 |    14 |       |       ||    50
       Scimitar          |       |       |       |    28 |   104 |   104 ||   236
       Demon blade       |       |       |       |     1 |       |       ||     1
       Double sword      |       |       |       |       |       |     9 ||     9
